 Dungeon Crawl Stone Soup version 0.16.0-11-gd45b091 (console) character file.

37 gw the Skirmisher (level 3, 0/19 HPs)
             Began as a Vine Stalker Abyssal Knight on Mar 17, 2015.
             Was a Believer of Lugonu.
             Succumbed to an adder's poison
             ... on level 2 of the Dungeon.
             The game lasted 00:01:26 (1170 turns).

gw the Skirmisher (Vine Stalker Abyssal Knight)     Turns: 1170, Time: 00:01:26

Health: 0/19       AC:  6    Str: 14    XL:     3   Next: 41%
Magic:  1/5        EV: 10    Int: 12    God:    Lugonu [**....]
Gold:   120        SH:  0    Dex: 14    Spells: 0 memorised, 2 levels left

rFire  . . .     SeeInvis .     a - +1 spear
rCold  . . .     Clarity  .     h - +0 ring mail
rNeg   . . .     SustAb   .     (no shield)
rPois  .         Gourm    .     (no helmet)
rElec  .         Spirit   +     i - +0 cloak
rCorr  .         Warding  .     (no gloves)
rMut   .         Rnd*Tele +     (no boots)
MR     .....                    (no amulet)
Stlth  +.........               (no ring)
                                d - ring of teleportation (curse)

@: lethally poisoned (0 -> -2), not resistant to hostile enchantments, very
unstealthy
A: fangs 2, blurry vision 1, breathe flames 1, regeneration 1, magic shield,
antimagic bite, no device heal 3, rot immunity
a: Depart the Abyss, Bend Space, Renounce Religion, Breathe Fire, Evoke
Teleportation


You were on level 2 of the Dungeon.
You worshipped Lugonu.
Lugonu was pleased with you.
You were very hungry.

You visited 1 branch of the dungeon, and saw 2 of its levels.
You visited the Abyss 1 time.

You collected 120 gold pieces.

Inventory:

Hand weapons
 a - a +1 spear (weapon)
Missiles
 k - 19 stones (quivered)
Armour
 h - a +0 ring mail (worn)
 i - a +0 cloak (worn)
Jewellery
 d - a cursed ring of teleportation (left hand)
Scrolls
 g - a scroll of fear
Comestibles
 c - a bread ration
 f - a beef jerky
 j - a meat ration


   Skills:
 + Level 2.8 Fighting
 * Level 2.5 Polearms
 + Level 0.6 Throwing
 - Level 1.5 Armour
 + Level 1.2 Dodging
 + Level 2.1 Invocations


You had 2 spell levels left.
You didn't know any spells.

Dungeon Overview and Level Annotations

Branches:
Dungeon (2/15)

Altars:


Innate Abilities, Weirdness & Mutations

You have extremely sharp teeth.
Your natural rate of healing is unusually fast.
When hurt, damage is shared between your health and your magic reserves.
Your bite disrupts and absorbs the magic of your enemies.
Potions and wands cannot restore your health.
You are immune to rotting.
Scrolls take you a little longer to read.
You can breathe flames.


Message History

MOVING TO (-1,0)
The rat twitches its whiskers.
Unknown command.
Unknown command.
Unknown command.
MOVING TO (6,-5)
The adder bites you.
Unknown command.
Unknown command.
Unknown command.
MOVING TO (5,-4)
The adder bites you.
You are lethally poisoned!
The adder poisons you!
Unknown command.
Unknown command.
Unknown command.
MOVING TO (4,-3)
You have got your breath back.
You die...

## #### #. ...##### ###
#.###......#....
##....[.###.#.#.#
#...#.f.......#.#
#..$..r.###.###.# #
#..#S#w.###.###.## .# #
#...K............##.#.#
#..####...............#
#..####.....<...<......
#.......(......#(##.#.#
##..####.....#>#.# # ##
#.........#


You could see a worm, an adder, a kobold and a rat.

Table legend:
 A = Turns spent in this place as a percentage of turns spent in the entire game.
 B = Non-inter-level travel turns spent in this place as a percentage of non-inter-level travel turns spent in the entire game.
 C = Inter-level travel turns spent in this place as a percentage of turns spent in this place.
 D = Turns resting spent in this place as a percentage of non-inter-level travel turns spent in this place.
 E = Turns spent auto-exploring this place as a percentage of non-inter-level travel turns spent in this place.
 F = Non-inter-level travel turns spent in this place divided by the number of levels of this place that you've seen.
                   A       B       C       D       E      F
               +-------+-------+-------+-------+-------+----------------------
         Total | 100.0 | 100.0 |   0.1 |   0.5 |   2.8 | 576.7
       Dungeon |  98.8 |  98.8 |   0.1 |   0.5 |   2.9 | 854.5
         Abyss |   1.2 |   1.2 |   0.0 |   0.0 |   0.0 |  21.0
               +-------+-------+-------+-------+-------+----------------------

Table legend:
 A = Kills in this place as a percentage of kills in entire the game.
 B = Kills by you in this place as a percentage of kills by you in the entire game.
 C = Kills by friends in this place as a percentage of kills by friends in the entire game.
 D = Other kills in this place as a percentage of other kills in the entire game.
 E = Experience gained in this place as a percentage of experience gained in the entire game.
 F = Experience gained in this place divided by the number of levels of this place that you have seen.
                   A       B       C       D       E      F
               +-------+-------+-------+-------+-------+----------------------
         Total | 100.0 | 100.0 |  -nan |  -nan | 100.0 |  18.0
       Dungeon | 100.0 | 100.0 |  -nan |  -nan | 100.0 |  27.0
               +-------+-------+-------+-------+-------+----------------------

Vanquished Creatures
  An adder (D:2)
  A giant mite (D:1)
  A giant gecko (D:2)
  3 hobgoblins
  A ball python (D:1)
  7 bats (D:1)
  A giant newt (D:1)
  2 goblins
  2 kobolds (D:1)
  2 rats
21 creatures vanquished.

Notes
Turn   | Place    | Note
--------------------------------------------------------------
     0 | Abyss:1  | gw, the Vine Stalker Abyssal Knight, began the quest for the Orb.
     0 | Abyss:1  | Reached XP level 1. HP: 11/11 MP: 1/1
     6 | D:1      | Escaped the Abyss
   273 | D:1      | Reached skill level 1 in Dodging
   273 | D:1      | Reached XP level 2. HP: 16/16 MP: 3/3
  1069 | D:1      | Gained mutation: You can breathe flames. [potion of mutation]
  1069 | D:1      | Gained mutation: Scrolls take you a little longer to read. [potion of mutation]
  1148 | D:2      | Reached XP level 3. HP: 16/19 MP: 4/4
  1148 | D:2      | Acquired Lugonu's second power
  1170 | D:2      | Succumbed to an adder's poison

Action                   || total
-------------------------++-------
Melee: Spear             ||    48
Throw: Stone             ||    13
Invok: Bend Space        ||     2
 Abil: Breathe Fire      ||     1
  Use: Potion            ||     2
       Scroll            ||     1

Vault maps used:
D:1:      minmay_arrival_diagonal_passages, minmay_stone_trees_small
